 Dungeon Crawl Stone Soup version 0.21.1-1-g345015fe64 (webtiles) character file.

60 Ivernyr the Charmwright (level 3, -4/28 HPs)
             Began as a Demonspawn Skald on Apr 25, 2018.
             Shot with a stone by a goblin (6 damage)
             ... on level 2 of the Dungeon.
             The game lasted 00:02:57 (1608 turns).

Ivernyr the Charmwright (Demonspawn Skald)          Turns: 1608, Time: 00:02:57

Health: -4/28      AC:  5    Str: 11    XL:     3   Next: 82%
Magic:  6/6        EV: 12    Int: 14    God:
Gold:   62         SH:  0    Dex: 13    Spells: 1/6 levels left

rFire    . . .     SeeInvis .   a - +0 falchion
rCold    . . .     Gourm    .   (no shield)
rNeg     . . .     Faith    .   b - +0 leather armour
rPois    .         Spirit   .   (no helmet)
rElec    .         Reflect  .   (no cloak)
rCorr    .         Harm     .   (no gloves)
MR       .....                  (no boots)
Stlth    +.........             (no amulet)
HPRegen  0.09/turn              (no ring)
MPRegen  0.10/turn              (no ring)

@: no status effects
A: yellow scales 1
a: no special abilities


You were on level 2 of the Dungeon.
You were hungry.

You visited 1 branch of the dungeon, and saw 2 of its levels.

You collected 62 gold pieces.

Inventory:

Hand Weapons
 a - a +0 falchion (weapon)
Armour
 b - a +0 leather armour (worn)
Scrolls
 g - a scroll of remove curse {unknown}
 h - 3 scrolls of teleportation {unknown}
 i - a scroll of identify {unknown}
 j - a scroll of random uselessness {unknown}
Potions
 e - 3 potions of haste {unknown}
 f - a potion of curing {unknown}
 k - a potion of cancellation {unknown}
 l - a potion of resistance {unknown}
Books
 c - a book of Battle

   Spells                             Type                      Level
   a - Infusion                       Charms                       1
   b - Shroud of Golubria             Charms/Translocation         2
   c - Song of Slaying                Charms                       2
   d - Spectral Weapon                Hexes/Charms                 3
   e - Regeneration                   Charms/Necromancy            3
Comestibles
 d - 5 rations


   Skills:
 + Level 2.5 Fighting
 + Level 2.3 Long Blades
 * Level 2.2 Armour
 - Level 1.7 Dodging
 - Level 2.0 Spellcasting
 + Level 3.1 Charms


You had one spell level left.
You knew the following spells:

 Your Spells              Type           Power        Failure   Level  Hunger
a - Shroud of Golubria    Chrm/Tloc      #.........   26%         2    ###....
b - Song of Slaying       Chrm           ##......     13%         2    ###....
c - Infusion              Chrm           ##..         9%          1    ##.....


Dungeon Overview and Level Annotations

Branches:
Dungeon (2/15)

Altars:
Ru
Uskayaw


Innate Abilities, Weirdness & Mutations

You are partially covered in yellow scales. (AC +2)


Message History

The gnoll barely misses you. The goblin closely misses you.
Unknown command.
You hit the gnoll but do no damage.
The gnoll is almost dead.
The gnoll barely misses you.
You riposte.
You hit the gnoll.
You kill the gnoll!
The gnoll barely misses you. The goblin hits you with a club.
* * * LOW HITPOINT WARNING * * *
The gnoll throws a stone.
The stone barely misses you.
The goblin unwields an uncursed club.
The goblin wields a hunting sling.
The goblin shoots a stone.
The stone barely misses you.
Things that are here:
2 stones; a halberd; a gnoll corpse The gnoll throws a stone.
The stone hits you but does no damage.
The goblin shoots a stone.
The stone hits you.
* * * LOW HITPOINT WARNING * * *
You see here 2 stones.
The gnoll throws a stone.
The stone closely misses you.
The goblin shoots a stone.
The stone hits you.
You die...

#.# ..#.. #
##$###.#.#
#.#.##...#....##
#.......g.g.....
#.).#..gg#...##
#...#.#(## ## #
#...#.#(#
#.###...#.#.#
..........#@# #
#...........###.#
####...####....#
#...####.#######
#.....†......(..
#..#####.#######
### #.# #. #.# #>
#.# #.


You could see 2 gnolls and a goblin.

Vanquished Creatures
  A gnoll (D:2)
  An ooze (D:1)
  A worm (D:2)
  2 dart slugs (D:1)
  2 leopard geckos (D:1)
  9 bats
  3 giant cockroaches
  4 goblins
  4 hobgoblins
  3 jackals (D:2)
  A kobold (D:2)
  2 frilled lizards (D:1)
  2 rats (D:1)
35 creatures vanquished.

Notes
Turn   | Place    | Note
-------+----------+-------------------------------------------
     0 | D:1      | Ivernyr the Demonspawn Skald began the quest for the Orb.
     0 | D:1      | Reached XP level 1. HP: 16/16 MP: 3/3
    70 | D:1      | Reached skill level 1 in Armour
   183 | D:1      | Gained mutation: You are partially covered in yellow scales. (AC +2) [demonic ancestry]
   183 | D:1      | Reached XP level 2. HP: 7/22 MP: 5/5
   807 | D:1      | Learned a level 2 spell: Song of Slaying
   810 | D:1      | Learned a level 2 spell: Shroud of Golubria
  1052 | D:1      | Reached skill level 3 in Charms
  1052 | D:1      | Reached XP level 3. HP: 28/28 MP: 6/6
  1336 | D:2      | Found a sacrificial altar of Ru.
  1343 | D:2      | Found a hide-covered altar of Uskayaw.
  1608 | D:2      | Shot with a stone by a goblin

Skill      XL: |  1  2  3 |
---------------+----------+-----
Armour         | 1 2 |  2.2
Long Blades    | 2 |  2.3
Charms         | 3 |  3.1
Fighting       | |  2.5
Dodging        | |  1.7
Spellcasting   | |  2.0

Action                   || total
-------------------------++-------
Melee: Falchion          ||   117
 Cast: Shroud of Golubri ||     3
       Song of Slaying   ||     2
 Stab: Sleeping          ||     1
  Eat: Chunk             ||     2
Armor: Leather armour    ||    53
Dodge: Dodged            ||   105
       Rpst.: Falchion   ||    21
